 Dungeon Crawl Stone Soup version 0.29-a0-8-g0446c0dae4 (webtiles) character file.

Game seed: 3526063998121064207

2220 sanka the Destroyer (level 9, -9/65 HPs)
             Began as a Gnoll Conjurer on Jan 27, 2022.
             Was a Believer of Ashenzari.
             Killed from afar by Maggie (22 damage)
             ... with a bolt of fire
             ... on level 7 of the Dungeon.
             The game lasted 00:16:52 (9087 turns).

sanka the Destroyer (Gnoll Conjurer)                Turns: 9087, Time: 00:16:53

Health: -9/65      AC:  5    Str:  7    XL:     9   Next: 35%
Magic:  5/18       EV: 13    Int: 21    God:    Ashenzari [**....]
Gold:   139        SH:  0    Dex: 11    Spells: 17/21 levels left

rFire   . . .      SeeInvis +   b - +0 halberd
rCold   . . .      Faith    .   (shield currently unavailable)
rNeg    . . .      Spirit   .   t - +1 leather armour "Share My Mistrust" {rPois, Comp, Evo} (curse)
rPois   +          Reflect  .   (no helmet)
rElec   .          Harm     .   (no cloak)
rCorr   .          Rampage  .   (no gloves)
Will    .....                   i - +0 pair of boots
Stlth   +++.......              (no amulet)
HPRegen 0.20/turn               E - ring of Ashenzari's Fetters {Wiz, Comp, Elem} (curse)
MPRegen 0.16/turn               C - ring "Overhang to Understand" {Wiz, Melee, Elem} (curse)

@: mesmerised
A: fangs 1, strong nose, distributed training
a: Renounce Religion, Shatter the Chains


You were on level 7 of the Dungeon.
You worshipped Ashenzari.
Ashenzari was pleased with you.
You visited 2 branches of the dungeon, and saw 8 of its levels.

You collected 259 gold pieces.
You spent 120 gold pieces at shops.


Innate Abilities, Weirdness & Mutations

You have very sharp teeth.
Your uncanny sense of smell can sniff out nearby items.
Your experience applies equally to all skills.


   Skills:
 + Level 4.1 Fighting
 + Level 4.1(5.3) Short Blades
 + Level 4.1(5.3) Long Blades
 + Level 4.1(5.3) Axes
 + Level 4.1(5.3) Maces & Flails
 + Level 4.1(5.3) Polearms
 + Level 4.1(5.3) Staves
 + Level 4.1 Slings
 + Level 4.1 Bows
 + Level 4.1 Crossbows
 + Level 4.1 Throwing
 + Level 4.1 Armour
 + Level 6.2 Dodging
 + Level 6.0 Stealth
 + Level 4.1 Shields
 + Level 4.1(5.3) Unarmed Combat
 + Level 6.6 Spellcasting
 + Level 8.0 Conjurations
 + Level 3.4 Hexes
 + Level 3.4(5.1) Summonings
 + Level 3.4(5.1) Necromancy
 + Level 3.4 Translocations
 + Level 3.4 Transmutations
 + Level 3.4(5.1) Fire Magic
 + Level 3.4(5.1) Ice Magic
 + Level 3.4(5.1) Air Magic
 + Level 3.4(5.1) Earth Magic
 + Level 3.4 Poison Magic
 + Level 4.5 Invocations
 + Level 4.1(5.3) Evocations


You had 17 spell levels left.
You knew the following spells:

 Your Spells              Type           Power      Damage    Failure   Level
e - Apportation           Tloc           42%        N/A       1%          1
x - Searing Ray           Conj           80%        2d7       1%          2
z - Magic Dart            Conj           100%       1d8       1%          1

Your spell library contained the following spells:

 Spells                   Type           Power      Damage    Failure   Level
 Animate Skeleton         Necr           56%        N/A       1%          1
 Summon Small Mammal      Summ           100%       N/A       1%          1
 Sublimation of Blood     Necr           28%        N/A       1%          2
 Dazzling Flash           Conj/Hex       60%        N/A       1%          3
 Gell's Gravitas          Tloc           21%        N/A       2%          3
 Teleport Other           Tloc           21%        N/A       2%          3
 Fulminant Prism          Conj/Hex       15%        3d11      3%          4
 Iskenderun's Mystic Bla  Conj/Tloc      30%        2d8       3%          4
 Petrify                  Tmut/Erth      24%        N/A       6%          4
 Irradiate                Conj/Tmut      15%        3d19      10%         5
 Dispersal                Tloc           10%        N/A       75%         6

Inventory:

Hand Weapons
 a - a +1 dagger of venom
 b - a +0 halberd (weapon)
Missiles
 e - a curare-tipped dart {=f}
 q - 4 javelins
 u - 3 poisoned darts
Armour
 i - a +0 pair of boots (worn)
 r - a +0 robe
 t - the cursed +1 leather armour "Share My Mistrust" (worn) {rPois, Comp, Evo}

   It has a curse which improves the following skills: Companions: Summonings
   and Necromancy.
   Evocations: Evocations.
Jewellery
 d - a ring of protection from cold
 j - a ring of see invisible
 C - the cursed ring "Overhang to Understand" (right hand) {Wiz, Melee, Elem}

   [ring of wizardry]

   It improves your spell success rate.
   It has a curse which improves the following skills: Melee Combat: Short
   Blades, Long Blades, Axes, Maces & Flails, Polearms, Staves and Unarmed
   Combat.
   Elements:  Fire Magic, Ice Magic, Air Magic and Earth Magic.
 E - the cursed ring of Ashenzari's Fetters (left hand) {Wiz, Comp, Elem}

   [ring of wizardry]

   It improves your spell success rate.
   It has a curse which improves the following skills: Companions: Summonings
   and Necromancy.
   Elements:  Fire Magic, Ice Magic, Air Magic and Earth Magic.
Wands
 A - a wand of mindburst (10)
Scrolls
 g - 3 scrolls of teleportation {@r4}
 h - a scroll of fog
 l - 2 scrolls of holy word
 n - a scroll of vulnerability {!r}
 o - 2 scrolls of enchant weapon
 p - 2 scrolls of immolation {!r}
 w - 2 scrolls of noise {!r}
 y - 2 scrolls of fear
 D - 3 scrolls of blinking
Potions
 c - 6 potions of curing {@q1}
 f - 3 potions of ambrosia
 k - 2 potions of brilliance
 m - 3 potions of flight
 s - 4 potions of heal wounds {@q2}
 x - 2 potions of magic
 z - a potion of attraction {!q}
 B - 2 potions of invisibility

Dungeon Overview and Level Annotations

Branches:
Dungeon (7/15)             Temple (1/1) D:4

Altars:
Ashenzari
Dithmenos
Elyvilon
Fedhas
Gozag
Makhleb
Nemelex Xobeh
Qazlal
Ru
Sif Muna
Trog
Uskayaw
Vehumet
Xom
Yredelemnul
Zin
The Shining One

Shops:
D:1 *   D:3 :   D:6 *

Annotations:
D:3 1 runed translucent door, Crazy Yiuf
D:7 Maggie

▒.......▒▒▒ ▒▒▒...
▒▒.........▒▒ ▒▒..
▒▒...........▒▒▒ ▒▒).
▒▒..............▒▒▒.)▒
▒............)...▒..▒▒
.......▒.........(....▒▒▒
......▒▒@.............▒ ▒
.....▒░▒.............▒▒ ▒
, ....▒ ▒g............▒ ▒
, ...▒ ▒............▒▒ ▒▒
, .@. ▒.............▒▒▒.
.. ░ ▒...............▒. ,
, ▒▒........▒▒▒▒▒...
▒▒.▒▒..▒▒▒ ▒▒.. , ▒▒▒..▒▒
▒▒. , ▒..▒▒ ▒▒ ░
▒▒.▒▒▒▒▒▒▒░ ▒


You could see Maggie (mesmerising).


Message History

Maggie barely misses you.
The searing ray misses Maggie.
Maggie hits you from afar with a +0 vorpal glaive!
* * * LOW HITPOINT WARNING * * *
* * * LOW HITPOINT WARNING * * *
The searing ray hits Maggie.
Maggie is heavily wounded.
Maggie casts a spell.
Maggie attempts to bespell you!
You are mesmerised by Maggie!
The searing ray hits Maggie.
Maggie is severely wounded.
You finish channelling your searing ray.
Maggie barely misses you.
Aiming: Searing Ray (safe; 1% risk of failure)
Aim: Maggie, wielding a +0 vorpal glaive and wearing +0 steam dragon scales (severely wounded, mesmerising, 82% to hit)
The searing ray hits Maggie.
Maggie is severely wounded. (Press . to maintain the ray.) Maggie barely misses you.
The searing ray hits Maggie.
Maggie is severely wounded.
Maggie casts a spell at you. The bolt of fire hits you.
* * * LOW HITPOINT WARNING * * *
The searing ray hits Maggie.
Maggie is almost dead.
Maggie gestures at you while chanting. The bolt of fire hits you!!
You die...

Action                   |  1- 3 |  4- 6 |  7- 9 || total
-------------------------+-------+-------+-------++-------
Melee: Dagger            |       |    15 |    18 ||    33
       Flail             |       |     9 |     4 ||    13
       Bite              |       |     2 |    16 ||    18
       Punch             |       |     1 |       ||     1
       Unarmed           |       |       |     1 ||     1
       Halberd           |       |       |    65 ||    65
Throw: Dart              |       |     3 |       ||     3
       Javelin           |       |     1 |       ||     1
 Cast: Magic Dart        |    57 |    85 |   106 ||   248
       Searing Ray       |       |     9 |    30 ||    39
Invok: Curse Item        |       |       |     3 ||     3
Armor: Robe              |     1 |     5 |       ||     6
       Leather armour    |       |       |    49 ||    49
Dodge: Dodged            |     1 |    20 |    98 ||   119

Levels and vault maps discovered:
D:1:      roderic_octagonal_star, layout_loops_corners,
          shapermc_ecumenical_altar_mp_ritualfount, serial_shops,
          nicolae_shop_waterfront, ebering_dispersal_statue_hall
D:2:      layout_rooms
D:3:      layout_rooms, nicolae_ru_sacrificial_ziggurat, serial_shops,
          nicolae_shop_stone, uniq_crazy_yiuf_cottage
D:4:      layout_layer_cave, temple_hall, uniq_blork_the_orc, uniq_sigmund,
          uniq_duvessa
D:5:      layout_loops_cross
D:6:      layout_loops_ring, chequers_avenue, nicolae_shop_clearance
D:7:      layout_cave_pods, kennysheep_small_square, uniq_joseph, uniq_maggie
Temple:   eino_temple_rhombus

Notes
Turn   | Place    | Note
-------+----------+-------------------------------------------
     0 | D:1      | sanka the Gnoll Conjurer began the quest for the Orb.
     0 | D:1      | Reached XP level 1. HP: 13/13 MP: 6/6
   293 | D:1      | Reached XP level 2. HP: 19/19 MP: 5/7
   477 | D:1      | Found a faded altar of an unknown god.
   586 | D:1      | Found Ymereng's General Store.
   900 | D:1      | Reached XP level 3. HP: 25/25 MP: 5/9
  1012 | D:1      | Reached skill level 5 in Spellcasting
  1276 | D:2      | Learned a level 2 spell: Searing Ray
  1325 | D:2      | Learned a level 1 spell: Apportation
  1341 | D:2      | Reached skill level 1 in Invocations
  1418 | D:2      | Reached skill level 1 in Fighting
  1418 | D:2      | Reached skill level 1 in Short Blades
  1418 | D:2      | Reached skill level 1 in Long Blades
  1418 | D:2      | Reached skill level 1 in Axes
  1418 | D:2      | Reached skill level 1 in Maces & Flails
  1418 | D:2      | Reached skill level 1 in Polearms
  1418 | D:2      | Reached skill level 1 in Staves
  1418 | D:2      | Reached skill level 1 in Slings
  1418 | D:2      | Reached skill level 1 in Bows
  1418 | D:2      | Reached skill level 1 in Crossbows
  1418 | D:2      | Reached skill level 1 in Throwing
  1418 | D:2      | Reached skill level 1 in Armour
  1418 | D:2      | Reached skill level 1 in Shields
  1418 | D:2      | Reached skill level 1 in Unarmed Combat
  1418 | D:2      | Reached skill level 1 in Evocations
  1422 | D:2      | Noticed a black bear
  1464 | D:2      | Reached XP level 4. HP: 32/32 MP: 7/11
  2236 | D:3      | Found Negouv's Book Shoppe.
  2266 | D:3      | Reached skill level 1 in Hexes
  2266 | D:3      | Reached skill level 1 in Summonings
  2266 | D:3      | Reached skill level 1 in Necromancy
  2266 | D:3      | Reached skill level 1 in Translocations
  2266 | D:3      | Reached skill level 1 in Transmutations
  2266 | D:3      | Reached skill level 1 in Fire Magic
  2266 | D:3      | Reached skill level 1 in Ice Magic
  2266 | D:3      | Reached skill level 1 in Air Magic
  2266 | D:3      | Reached skill level 1 in Earth Magic
  2266 | D:3      | Reached skill level 1 in Poison Magic
  2410 | D:3      | Reached XP level 5. HP: 30/37 MP: 4/12
  2544 | D:3      | Found a sacrificial altar of Ru.
  3126 | D:3      | Found a runed translucent door.
  3127 | D:3      | Noticed Crazy Yiuf
  3567 | D:4      | Noticed an ogre
  3572 | D:4      | Killed an ogre
  3573 | D:4      | Reached skill level 5 in Dodging
  3573 | D:4      | Reached skill level 2 in Invocations
  3573 | D:4      | Reached XP level 6. HP: 43/44 MP: 2/14
  3856 | D:4      | Killed a black bear
  3857 | D:4      | Reached skill level 2 in Fighting
  3857 | D:4      | Reached skill level 2 in Short Blades
  3857 | D:4      | Reached skill level 2 in Long Blades
  3857 | D:4      | Reached skill level 2 in Axes
  3857 | D:4      | Reached skill level 2 in Maces & Flails
  3857 | D:4      | Reached skill level 2 in Polearms
  3857 | D:4      | Reached skill level 2 in Staves
  3857 | D:4      | Reached skill level 2 in Slings
  3857 | D:4      | Reached skill level 2 in Bows
  3857 | D:4      | Reached skill level 2 in Crossbows
  3857 | D:4      | Reached skill level 2 in Throwing
  3857 | D:4      | Reached skill level 2 in Armour
  3857 | D:4      | Reached skill level 2 in Shields
  3857 | D:4      | Reached skill level 2 in Unarmed Combat
  3857 | D:4      | Reached skill level 2 in Evocations
  3947 | D:4      | Noticed Sigmund
  3957 | D:4      | Killed Sigmund
  3958 | D:4      | Reached skill level 2 in Hexes
  3958 | D:4      | Reached skill level 2 in Summonings
  3958 | D:4      | Reached skill level 2 in Necromancy
  3958 | D:4      | Reached skill level 2 in Translocations
  3958 | D:4      | Reached skill level 2 in Transmutations
  3958 | D:4      | Reached skill level 2 in Fire Magic
  3958 | D:4      | Reached skill level 2 in Ice Magic
  3958 | D:4      | Reached skill level 2 in Air Magic
  3958 | D:4      | Reached skill level 2 in Earth Magic
  3958 | D:4      | Reached skill level 2 in Poison Magic
  3958 | D:4      | Reached XP level 7. HP: 42/51 MP: 6/15
  3966 | D:4      | Noticed Blork the orc
  4024 | D:4      | Killed Blork the orc
  4632 | D:4      | Noticed Duvessa
  4632 | D:4      | Noticed Dowan
  4717 | D:4      | Killed Duvessa
  4718 | D:4      | Reached skill level 5 in Stealth
  4718 | D:4      | Reached skill level 3 in Invocations
  4740 | D:4      | Killed Dowan
  4920 | D:4      | Found a staircase to the Ecumenical Temple.
  5065 | Temple   | Entered the Ecumenical Temple
  5225 | Temple   | Became a worshipper of Ashenzari the Shackled
  5337 | D:5      | Entered Level 5 of the Dungeon
  5382 | D:5      | Reached XP level 8. HP: 47/57 MP: 9/16
  5477 | D:5      | Reached skill level 3 in Fighting
  5477 | D:5      | Reached skill level 3 in Short Blades
  5477 | D:5      | Reached skill level 3 in Long Blades
  5477 | D:5      | Reached skill level 3 in Axes
  5477 | D:5      | Reached skill level 3 in Maces & Flails
  5477 | D:5      | Reached skill level 3 in Polearms
  5477 | D:5      | Reached skill level 3 in Staves
  5477 | D:5      | Reached skill level 3 in Slings
  5477 | D:5      | Reached skill level 3 in Bows
  5477 | D:5      | Reached skill level 3 in Crossbows
  5477 | D:5      | Reached skill level 3 in Throwing
  5477 | D:5      | Reached skill level 3 in Armour
  5477 | D:5      | Reached skill level 3 in Shields
  5477 | D:5      | Reached skill level 3 in Unarmed Combat
  5477 | D:5      | Reached skill level 3 in Evocations
  6036 | D:5      | Reached skill level 6 in Spellcasting
  6950 | D:6      | Found Mosol's CLEARANCE SALE!.
  6988 | D:6      | Bought a ring of wizardry for 120 gold pieces
  7117 | D:6      | Reached skill level 3 in Hexes
  7117 | D:6      | Reached skill level 3 in Summonings
  7117 | D:6      | Reached skill level 3 in Necromancy
  7117 | D:6      | Reached skill level 3 in Translocations
  7117 | D:6      | Reached skill level 3 in Transmutations
  7117 | D:6      | Reached skill level 3 in Fire Magic
  7117 | D:6      | Reached skill level 3 in Ice Magic
  7117 | D:6      | Reached skill level 3 in Air Magic
  7117 | D:6      | Reached skill level 3 in Earth Magic
  7117 | D:6      | Reached skill level 3 in Poison Magic
  7117 | D:6      | Reached skill level 4 in Invocations
  7383 | D:6      | Reached skill level 6 in Dodging
  7528 | D:6      | Reached XP level 9. HP: 57/65 MP: 18/18
  7720 | D:6      | Reached * piety under Ashenzari
  8367 | D:7      | Reached skill level 4 in Fighting
  8367 | D:7      | Reached skill level 4 in Short Blades
  8367 | D:7      | Reached skill level 4 in Long Blades
  8367 | D:7      | Reached skill level 4 in Axes
  8367 | D:7      | Reached skill level 4 in Maces & Flails
  8367 | D:7      | Reached skill level 4 in Polearms
  8367 | D:7      | Reached skill level 4 in Staves
  8367 | D:7      | Reached skill level 4 in Slings
  8367 | D:7      | Reached skill level 4 in Bows
  8367 | D:7      | Reached skill level 4 in Crossbows
  8367 | D:7      | Reached skill level 4 in Throwing
  8367 | D:7      | Reached skill level 4 in Armour
  8367 | D:7      | Reached skill level 4 in Shields
  8367 | D:7      | Reached skill level 4 in Unarmed Combat
  8367 | D:7      | Reached skill level 4 in Evocations
  8879 | D:7      | Reached ** piety under Ashenzari
  8928 | D:7      | Reached skill level 6 in Stealth
  8928 | D:7      | Reached skill level 8 in Conjurations
  9068 | D:7      | Identified +0 steam dragon scales
  9068 | D:7      | Noticed Maggie
  9087 | D:7      | Killed from afar by Maggie

Vanquished Creatures
  Sigmund (D:4)
  A water moccasin (D:7)
  An orc warrior (D:6)
  Duvessa (D:4)
  An ice beast (D:7)
  A black bear (D:4)
  A necrophage (D:6)
  2 ogres
  A centaur (D:5)
  A kobold brigand (D:7)
  A phantom (D:7)
  Blork the orc (D:4)
  A gnoll sergeant (D:6)
  3 scorpions
  A wyvern skeleton (D:6)
  Dowan (D:4)
  A centaur zombie (D:6)
  3 bullfrog zombies
  A bullfrog skeleton (D:5)
  A gnoll shaman (D:5)
  An orc priest (D:3)
  A centaur skeleton (D:7)
  2 hounds (D:4)
  3 orc wizards
  An iguana (D:6)
  A killer bee zombie (D:7)
  9 gnolls
  7 adders
  An ufetubus (D:5)
  A worm (D:3)
  2 dart slugs
  22 orcs
  6 ball pythons
  9 endoplasms
  6 giant cockroaches
  5 goblins
  A hobgoblin (D:1)
  3 jackals (D:1)
  3 quokkas
  2 bats (D:3)
  4 frilled lizards
  6 kobolds
  A quokka skeleton (D:4)
  5 rats
127 creatures vanquished.

Vanquished Creatures (others)
  3 plants (D:1)
3 creatures vanquished.

Grand Total: 130 creatures vanquished
